 Dungeon Crawl Stone Soup version 0.28-a0-1629-gf728b707aa (webtiles) character file.

Game seed: 6537276119597055458

6580 lonewolfV2 the Cleaver (level 10, 0/114 HPs)
             Began as a Demonspawn Fighter on Jan 24, 2022.
             Was an Initiate of Ashenzari.
             Succumbed to Sonja's poison
             ... on level 10 of the Dungeon.
             The game lasted 00:18:50 (11592 turns).

lonewolfV2 the Cleaver (Demonspawn Fighter)        Turns: 11592, Time: 00:18:50

Health: 0/114      AC: 25    Str: 21    XL:     10   Next: 71%
Magic:  10/10      EV:  2    Int: 16    God:    Ashenzari [......]
Gold:   470        SH: 12    Dex: 12    Spells: 9/9 levels left

rFire   . . .      SeeInvis +   p - +2 hand axe (vorpal)
rCold   . . .      Faith    .   c - +2 buckler
rNeg    . . .      Spirit   .   (armour currently unavailable)
rPois   +          Reflect  +   (helmet currently unavailable)
rElec   .          Harm     .   (cloak currently unavailable)
rCorr   .          Rampage  .   (gloves currently unavailable)
Will    .....      NoTele   +   (boots currently unavailable)
Stlth   ++........              A - amulet of reflection
HPRegen 0.29/turn               k - +6 ring of intelligence
MPRegen 0.12/turn               j - ring of see invisible

@: lethally poisoned (0 -> -4), tree-form, hasted, studying Long Blades, very
quick
A: stationary, stasis, torment immunity, boosted hp, (hooves 1), icemail 2,
(spiny 1), condensation shield, (weakness stinger 1)
a: Renounce Religion, Curse Item


You were on level 10 of the Dungeon.
You worshipped Ashenzari.
Ashenzari was noncommittal.
You were a tree.
You visited 3 branches of the dungeon, and saw 12 of its levels.
You also visited: Ossuary.

You collected 470 gold pieces.

Inventory:

Hand Weapons
 a - a +0 war axe
 p - a +2 vorpal hand axe (weapon)
Armour
 b - a +0 scale mail (melded)
 c - a +2 buckler (worn)
Jewellery
 j - a ring of see invisible (right branch)
 k - a +6 ring of intelligence (left branch)
 m - a ring of willpower
 t - a ring of protection from fire
 x - an amulet of the acrobat
 A - an amulet of reflection (around neck)
Wands
 h - a wand of charming (2)
 n - a wand of polymorph (11)
 q - a wand of mindburst (12)
 y - a wand of iceblast (6)
Scrolls
 i - a scroll of identify
 s - a scroll of fear
 v - a scroll of blinking
Potions
 d - 3 potions of might
 e - 5 potions of degeneration
 u - 3 potions of attraction


   Skills:
 + Level 6.2 Fighting
 + Level 9.8 Axes
 + Level 7.2 Armour
 + Level 4.3 Dodging
 + Level 1.1 Stealth
 + Level 7.0 Shields


You had 9 spell levels left.
You didn't know any spells.
Your spell library contained the following spells:

 Spells                   Type           Power      Damage    Failure   Level
 Magic Dart               Conj           0%         1d3       32%         1
 Call Imp                 Summ           0%         N/A       43%         2
 Mephitic Cloud           Conj/Pois/Air  0%         N/A       67%         3
 Leda's Liquefaction      Hex/Erth       0%         N/A       97%         4
 Lee's Rapid Deconstruct  Erth           0%         3d5*      100%        5
 Statue Form              Tmut/Erth      0%         N/A       100%        6


Dungeon Overview and Level Annotations

Branches:
Dungeon (10/15)            Temple (1/1) D:5            Lair (1/6) D:8
    Orc (0/2) D:10        Ossuary (visited)

Altars:
Ashenzari
Cheibriados
Dithmenos
Elyvilon
Fedhas
Gozag
Hepliaklqana
Makhleb
Nemelex Xobeh
Okawaru
Qazlal
Ru
Sif Muna
Trog
Uskayaw
Vehumet
Wu Jian
Xom
Yredelemnul
Zin

Shops:
D:5 [

Annotations:
Lair:1 sirJeffrey23's ghost, journeyman HOMo


Innate Abilities, Weirdness & Mutations

You are a tree.
Your roots penetrate the ground, keeping you stationary.
You cannot be teleported.
You are immune to unholy pain and torment.
Your maximum health is greatly increased.
Your equipment is partially melded.
((You have large cloven feet.))
A meltable icy envelope protects you from harm. (AC +0)
((You are partially covered in sharp spines.))
A meltable shield of frost defends you. (SH +0)
((You have a small tail.))


Message History

Your +0 scale mail melds into your body.
Your roots penetrate the ground.
* * * LOW HITPOINT WARNING * * *
You feel very sick.
It was a potion of magic.
Magic courses through your body.
* * * LOW HITPOINT WARNING * * *
You feel very sick.
It was a potion of flight.
Your roots keep you in place.
* * * LOW HITPOINT WARNING * * *
You feel sick.
There is a lethal amount of poison in your body!
There is a lethal amount of poison in your body!
There is a lethal amount of poison in your body!
You cannot blink because you are held in place by your roots.
You cannot move.
You cannot move.
There is a lethal amount of poison in your body!
There is a lethal amount of poison in your body!
There is a lethal amount of poison in your body!
There is a lethal amount of poison in your body!
There is a lethal amount of poison in your body!
There is a lethal amount of poison in your body!
There is a lethal amount of poison in your body!
There is a lethal amount of poison in your body!
You feel yourself speed up.
* * * LOW HITPOINT WARNING * * *
You feel sick.
Unknown command.
You cannot blink because you are held in place by your roots.
You don't have any unidentified items.
As you read the scroll of magic mapping, it crumbles to dust.
You feel aware of your surroundings.
* * * LOW HITPOINT WARNING * * *
You feel sick.
Unknown command.
You cannot blink because you are held in place by your roots.
You can't see any enemies this would affect, really read the scroll of torment?
As you read the scroll of torment, it crumbles to dust.
You feel a surge of unholy energy.
You die...

*,,,,,,*,,...,,,,,*
+,,,,,,+,*#...,,,,*
*,,,,,,****,...,,,*
*****+** ***#.##**
**,* #...## *,,*
**#..# ****+** ##<#
*,,,,,* #####)##
*,,,,,* #...♣).#
*,,,,,* #....$.#
*,,,,,******#......#
+,,,,,+,,,,,#......#
*,,,,,*****........#
****+** ###......#
**,* #......# *,,*
#......# *,**
**,*****


There were no monsters in sight!

Vanquished Creatures
  Sonja (D:10)
  19 yaks
  2 steam dragons
  3 water moccasins
  2 orc warriors (D:9)
  2 ice beasts (D:7)
  4 ogres
  3 centaurs
  A kobold brigand (D:9)
  A phantom (D:6)
  3 bullfrogs
  A gnoll sergeant (D:8)
  3 scorpions
  A wyvern skeleton (D:7)
  6 killer bees (D:8)
  2 howler monkeys (D:9)
  A bullfrog skeleton (D:7)
  2 hounds
  3 jellies
  2 orc priests
  2 iguanas (D:5)
  4 orc wizards
  2 killer bee zombies
  A mummy (Ossuary)
  A howler monkey zombie (D:8)
  9 adders
  5 gnolls (D:8)
  A howler monkey skeleton (D:7)
  A shadow imp (D:7)
  A white imp (D:6)
  An adder zombie (D:5)
  An adder skeleton (D:4)
  2 worms
  2 dart slugs
  28 orcs
  4 spectral bats (Ossuary)
  5 bats
  7 endoplasms
  4 giant cockroaches
  9 goblins
  8 hobgoblins
  3 jackals (D:5)
  3 quokkas
  10 ball pythons
  2 bat simulacra (Ossuary)
  A frilled lizard (D:1)
  12 gnoll zombies (Ossuary)
  4 goblin simulacra (Ossuary)
  2 goblin zombies (Ossuary)
  5 hobgoblin zombies (Ossuary)
  13 kobolds
  3 kobold simulacra (Ossuary)
  7 kobold zombies (Ossuary)
  4 orc zombies (Ossuary)
  4 rats
  5 rat simulacra (Ossuary)
  3 spectral goblins (Ossuary)
  4 spectral kobolds (Ossuary)
  2 spectral rats (Ossuary)
247 creatures vanquished.

Vanquished Creatures (others)
  An orc warrior (D:9)
1 creature vanquished.

Grand Total: 248 creatures vanquished

Notes
Turn   | Place    | Note
-------+----------+-------------------------------------------
     0 | D:1      | lonewolfV2 the Demonspawn Fighter began the quest for the
                  | Orb.
     0 | D:1      | Reached XP level 1. HP: 18/18 MP: 1/1
   134 | D:1      | Reached skill level 2 in Axes
   253 | D:1      | Gained mutation: A meltable shield of frost defends you.
                  | (SH +0) [demonic ancestry]
   253 | D:1      | Reached XP level 2. HP: 24/24 MP: 2/2
   924 | D:2      | Reached XP level 3. HP: 22/29 MP: 3/3
  2478 | D:3      | Reached XP level 4. HP: 32/35 MP: 4/4
  3310 | D:4      | Reached skill level 3 in Axes
  3325 | D:4      | Gained mutation: A meltable icy envelope protects you from
                  | harm. (AC +0) [demonic ancestry]
  3325 | D:4      | Reached XP level 5. HP: 36/41 MP: 5/5
  3353 | D:4      | Reached skill level 1 in Dodging
  3476 | D:4      | Noticed an ogre
  3488 | D:4      | Killed an ogre
  3489 | D:4      | Reached skill level 4 in Axes
  3563 | D:4      | Discovered your monstrous ancestry.
  3563 | D:4      | Gained mutation: You have a small tail. [demonic ancestry]
  3563 | D:4      | Reached XP level 6. HP: 25/47 MP: 6/6
  4214 | D:5      | Entered Level 5 of the Dungeon
  4226 | D:5      | Found a staircase to the Ecumenical Temple.
  5127 | D:5      | Found a radiant altar of Vehumet.
  5127 | D:5      | Found a snail-covered altar of Cheibriados.
  5212 | D:5      | Gained mutation: You are partially covered in sharp spines.
                  | [demonic ancestry]
  5212 | D:5      | Reached XP level 7. HP: 50/53 MP: 7/7
  5412 | D:5      | Found Romelly's Antique Armour Shop.
  5572 | D:5      | Found an ornate altar of the Wu Jian Council.
  5681 | Temple   | Entered the Ecumenical Temple
  5716 | Temple   | Became a worshipper of Ashenzari the Shackled
  5850 | D:6      | Found a shimmering altar of Xom.
  5858 | D:6      | Reached skill level 5 in Axes
  6742 | D:7      | Gained mutation: You have large cloven feet. [demonic
                  | ancestry]
  6742 | D:7      | Reached XP level 8. HP: 45/60 MP: 8/8
  6874 | D:7      | Reached skill level 6 in Axes
  6997 | D:7      | Reached skill level 1 in Stealth
  7014 | D:7      | Found a sand-covered staircase.
  7035 | Ossuary  | Entered an ossuary
  7456 | D:7      | Reached skill level 5 in Shields
  7652 | D:7      | Reached skill level 7 in Axes
  8050 | D:8      | Reached skill level 5 in Fighting
  8050 | D:8      | Gained mutation: A meltable icy envelope protects you from
                  | harm. (AC +0) [demonic ancestry]
  8050 | D:8      | Reached XP level 9. HP: 61/68 MP: 9/9
  8061 | D:8      | Reached skill level 5 in Armour
  8505 | D:8      | Found a staircase to the Lair.
  8571 | Lair:1   | Entered Level 1 of the Lair of Beasts
  8605 | Lair:1   | Noticed a rime drake
  8605 | Lair:1   | Noticed a rime drake
  8607 | Lair:1   | Noticed sirJeffrey23's ghost (journeyman HOMo)
  8786 | D:8      | Reached skill level 8 in Axes
 10084 | D:9      | Reached XP level 10. HP: 28/74 MP: 10/10
 10805 | D:9      | Reached skill level 9 in Axes
 11568 | D:10     | Entered Level 10 of the Dungeon
 11568 | D:10     | Noticed Sonja
 11583 | D:10     | Killed Sonja
 11588 | D:10     | HP: 4/114 [poisoned by Sonja]
 11591 | D:10     | HP: 1/114 [poisoned by Sonja]
 11592 | D:10     | Succumbed to Sonja's poison

Illustrated notes

Levels and vault maps discovered:
D:1:      lordsloth_arrival_two_stooges, layout_loops_ring
D:2:      layout_loops_corners
D:3:      layout_basic
D:4:      layout_loops_ring
D:5:      layout_loops_cross, mainiacjoe_overflow_divided_tiny,
          nzn_wu_jian_council_hall, temple_doors_e, serial_shops,
          nicolae_diamond_shop
D:6:      layout_rooms, mainiacjoe_overflow_concentric_impassable,
          chequers_serial_rivers_small_b
D:7:      layout_basic, lightli_ossuary_entry_decrepit_ruins
D:8:      layout_loops_corners, lair_entry_dummy, kennysheep_generic_room_2
D:9:      layout_cave_pools
D:10:     layout_roguey, orc_0_dummy, uniq_joseph, uniq_sonja, uniq_erolcha,
          uniq_harold, uniq_gastronok
Temple:   hc_temple_tempest_star
Lair:1:   layout_loops_ring, gammafunk_ghost_icy, serial_bayou_pond_a,
          serial_bayou_shore_a, grunt_megastairs_1, infiniplex_staircase_pool_2

Skill      XL: |  1  2  3  4  5  6  7  8  9 10 |
---------------+-------------------------------+-----
Axes           | 2 3 4 5 7 8 9 |  9.8
Shields        | 3 4 5 6 7 |  7.0
Armour         | 3 4 6 7 |  7.2
Dodging        | 1 2 3 4 |  4.3
Fighting       | 4 5 6 |  6.2
Stealth        | 1 |  1.1

Action                   |  1- 3 |  4- 6 |  7- 9 | 10-12 || total
-------------------------+-------+-------+-------+-------++-------
Melee: War axe           |   130 |   168 |       |       ||   298
       Tailslap          |       |     8 |    54 |    18 ||    80
       Hand axe          |       |       |   331 |   105 ||   436
       Kick              |       |       |    88 |    36 ||   124
  Use: Scroll            |     6 |     3 |     8 |     6 ||    23
       Potion            |       |     1 |     5 |    11 ||    17
Armor: Scale mail        |    51 |    63 |    74 |    31 ||   219
Dodge: Dodged            |    53 |    84 |    87 |    24 ||   248
Block: Buckler           |    65 |    71 |   206 |    75 ||   417
       Reflection        |       |       |     5 |     1 ||     6

Table legend: (Time is in decaauts)
 A = Elapsed time spent in this place.
 B = Non-inter-level travel time spent in this place.
 C = Inter-level travel time spent in this place.
 D = Time resting spent in this place.
 E = Time spent auto-exploring this place.
 F = Levels seen in this place.
 G = Mean time per level.
                   A        B        C        D        E       F      G
               +--------+--------+--------+--------+--------+-----+--------+
         Total |  11694 |  11460 |    234 |   2244 |   7157 |  13 |  899.5 |
       Dungeon |  11185 |  10956 |    229 |   2244 |   6959 |  10 | 1118.5 |
        Temple |    110 |    110 |      0 |      0 |     56 |   1 |  110.0 |
          Lair |     53 |     48 |      5 |      0 |      0 |   1 |   53.0 |
       Ossuary |    345 |    345 |      0 |      0 |    142 |   1 |  345.0 |
               +--------+--------+--------+--------+--------+-----+--------+

Top non-repeatable levels by time:
     D:8: 2413 daAuts
     D:5: 1515 daAuts
     D:2: 1460 daAuts
     D:7: 1098 daAuts
     D:9: 1069 daAuts
     D:4: 1034 daAuts
     D:3: 942 daAuts
     D:1: 879 daAuts
     D:6: 746 daAuts
 Ossuary: 345 daAuts
  Temple: 110 daAuts
  Lair:1: 53 daAuts
    D:10: 24 daAuts
